 Dungeon Crawl Stone Soup version 0.18.1-48-g4cf74bf (webtiles) character file.

196 Gargoyl the Skirmisher (level 5, -1/42 HPs)
             Began as a Demonspawn Abyssal Knight on Aug 16, 2016.
             Was a Believer of Lugonu.
             Slain by an ufetubus (2 damage)
             ... summoned by Eustachio
             ... on level 3 of the Dungeon.
             The game lasted 00:06:22 (3029 turns).

Gargoyl the Skirmisher (Demonspawn Abyssal Knight)  Turns: 3029, Time: 00:06:23

Health: -1/42      AC: 12    Str: 13    XL:     5   Next: 46%
Magic:  6/6        EV:  9    Int: 14    God:    Lugonu [**....]
Gold:   186        SH:  0    Dex: 11    Spells: 0 memorised, 4 levels left

rFire  . . .     SeeInvis .     a - +1 hand axe
rCold  . . .     Gourm    .     h - +0 scale mail
rNeg   . . .     Faith    .     (no shield)
rPois  .         Spirit   .     (no helmet)
rElec  .         Dismiss  .     n - +0 cloak
rCorr  .         Reflect  .     (no gloves)
SustAt .         Harm     .     (no boots)
MR     .....                    (no amulet)
Stlth  ..........               (no ring)
                                (no ring)

@: not resistant to hostile enchantments, extremely unstealthy
A: rough black scales 1, powered by death 2
a: Depart the Abyss, Bend Space, Renounce Religion


You were on level 3 of the Dungeon.
You worshipped Lugonu.
Lugonu was pleased with you.
You were hungry.

You visited 1 branch of the dungeon, and saw 4 of its levels.
You visited the Abyss 1 time.

You collected 186 gold pieces.

Inventory:

Hand Weapons
 a - a +1 hand axe (weapon)
Missiles
 b - 36 poisoned needles
Armour
 h - a +0 scale mail (worn)
 n - a +0 cloak (worn)
Jewellery
 q - an uncursed ring of ice {unknown}
Scrolls
 e - a scroll of amnesia
 o - a scroll of immolation {unknown}
 p - a scroll of magic mapping {unknown}
 r - a scroll of noise {unknown}
 w - a scroll of enchant armour {unknown}
Potions
 d - 2 potions of cure mutation {unknown}
 g - a potion of heal wounds
 i - 2 potions of might
 k - a potion of lignification {unknown}
 l - a potion of agility {unknown}
 m - a potion of haste {unknown}
 t - a potion of ambrosia {unknown}
 u - a potion of invisibility {unknown}
Comestibles
 c - a bread ration
 f - 2 meat rations
 j - 2 beef jerkies
 s - 2 royal jellies


   Skills:
 + Level 3.9 Fighting
 + Level 2.5 Axes
 * Level 3.6 Armour
 + Level 2.2 Dodging
 + Level 0.2 Stealth
 + Level 2.5 Invocations


You had 4 spell levels left.
You didn't know any spells.

Dungeon Overview and Level Annotations

Branches:
Dungeon (4/15)
 Temple: D:4-7

Altars:
The Shining One

Annotations:
D:3 Eustachio


Innate Abilities, Weirdness & Mutations

You are partially covered in rough black scales (AC +4, Dex -1).
You regenerate health from kills.


Message History

You hit the ufetubus.
The ufetubus is heavily wounded.
Your scale mail prevents you from hitting the river rat.
The river rat is almost dead.
The ufetubus hits you.
* * * LOW HITPOINT WARNING * * *
The ufetubus hits you but does no damage.
The river rat bites you!
* * * LOW HITPOINT WARNING * * *
The ufetubus hits you but does no damage. x2
The river rat closely misses you.
Eustachio casts a spell.
You closely miss the ufetubus.
The ufetubus is heavily wounded.
You hit the river rat but do no damage.
The river rat is almost dead.
The ufetubus hits you.
* * * LOW HITPOINT WARNING * * *
The ufetubus hits you.
You die...

....#.#....#.........#.#####.#
....#.#.#..#######.#<..# #.#
....#.#.#..........#.[.# #.#
..#.#.#.#..#######.###.#####.#
...............# #.# #.......#
.#.......[.....# #.# #..######
.........[>...## #.# #..#
##.......#.[..####5###..#
#.............r@55..#..#
#........########@#.#..#
#........# #.#.#..# ######.#.#
#.#.#..# #.#.# #.#.#..# #.#.#
#.#.#..# #.#.### #.#.#..#
#.#...######.#.#..#
#.#..........#.####


You could see Eustachio, a crimson imp, a river rat and 2 ufetubi.

Vanquished Creatures
  4 slaves
  A scorpion (D:3)
  Natasha (D:4)
  An orc wizard (D:3)
  An adder (D:2)
  An ooze (D:1)
  2 worms
  3 dart slugs
  A giant gecko (D:2)
  4 orcs (D:3)
  A giant cockroach (D:2)
  4 goblins
  4 hobgoblins
  13 jackals
  8 kobolds
  2 quokkas
  6 bats
  4 giant newts
  A quokka skeleton (D:4)
  7 rats
69 creatures vanquished.

Notes
Turn   | Place    | Note
--------------------------------------------------------------
     0 | Abyss:1  | Gargoyl the Demonspawn Abyssal Knight began the quest for the Orb.
     0 | Abyss:1  | Reached XP level 1. HP: 18/18 MP: 2/2
    49 | Abyss:1  | Found a corrupted altar of Lugonu.
    96 | Abyss:1  | Found a corrupted altar of Lugonu.
   110 | D:1      | Escaped the Abyss
   349 | D:1      | Reached * piety under Lugonu
   473 | D:1      | Gained mutation: You regenerate a little health from kills. [demonic ancestry]
   473 | D:1      | Reached XP level 2. HP: 22/24 MP: 3/3
   576 | D:1      | Reached skill level 1 in Dodging
   706 | D:1      | Found a glowing golden altar of the Shining One.
  1001 | D:2      | Gained mutation: You regenerate health from kills. [demonic ancestry]
  1001 | D:2      | Reached XP level 3. HP: 28/29 MP: 4/4
  1162 | D:2      | Reached ** piety under Lugonu
  1546 | D:3      | Gained mutation: You are partially covered in rough black scales (AC +4, Dex -1). [demonic ancestry]
  1546 | D:3      | Reached XP level 4. HP: 24/37 MP: 5/5
  1668 | D:3      | Reached XP level 5. HP: 32/42 MP: 6/6
  2438 | D:4      | Noticed Natasha
  2452 | D:4      | Killed Natasha
  2462 | D:4      | Noticed Eustachio
  2466 | D:4      | Noticed a slave
  2467 | D:4      | Noticed a slave
  2467 | D:4      | Noticed a slave
  2469 | D:4      | Noticed a slave
  2506 | D:4      | Killed a slave
  2552 | D:3      | Killed a slave
  2666 | D:3      | Killed a slave
  2798 | D:3      | Killed a slave
  3029 | D:3      | HP: 1/42 [ufetubus[Eustachio] (2)]
  3029 | D:3      | Slain by an ufetubus

Skill      XL: |  1  2  3  4 |
---------------+-------------+-----
Armour         | 2 3 |  3.6
Dodging        | 1 2 |  2.2
Axes           | 2 |  2.5
Fighting       | |  3.9
Stealth        | |  0.2
Invocations    | |  2.5

Action                   |  1- 3 |  4- 6 || total
-------------------------+-------+-------++-------
Melee: Hand axe          |   121 |   225 ||   346
Invok: Depart the Abyss  |     1 |       ||     1
  Use: Scroll            |     4 |       ||     4
       Potion            |       |     2 ||     2
  Eat: Chunk             |     2 |     5 ||     7
Armor: Ring mail         |    65 |    25 ||    90
       Scale mail        |       |   142 ||   142
Dodge: Dodged            |    81 |   159 ||   240
